 Dungeon Sprint DCSS version 0.21.1-1-g345015f (webtiles) character file.

2000000 Glory the Conqueror (level 17, -29/174 HPs)
             Began as a Demonspawn Berserker on Apr 9, 2018.
             Was an Elder of Trog.
             Annihilated by a meat berserker
             ... wielding a +9 battleaxe
              (78 damage)
             ... in the Dungeon (Sprint VIII: "Arena of Blood").
             The game lasted 00:00:23 (20 turns).

Glory the Conqueror (Demonspawn Berserker)            Turns: 20, Time: 00:00:23

Health: -29/174    AC:  5    Str: 23    XL:     17   Next: 15%
Magic:  17/17      EV: 36    Int:  9    God:    Trog [****..]
Gold:   0          SH:  0    Dex: 19    Spells: 16/16 levels left

rFire    . . .     SeeInvis .   j - +∞ Axe of Woe
rCold    . . .     Gourm    .   (shield currently unavailable)
rNeg     . . .     Faith    .   b - +0 animal skin
rPois    .         Spirit   .   (helmet unavailable)
rElec    .         Reflect  .   (no cloak)
rCorr    .         Harm     .   (no gloves)
MR       +....     NoTele   +   (no boots)
Stlth    +++.......             (no amulet)
HPRegen  0.39/turn              (no ring)
MPRegen  0.15/turn              (no ring)

@: agile, berserk cooldown, slowed, very slow
A: horns 3, iridescent scales 1, powered by pain 3
a: Berserk, Trog's Hand, Brothers in Arms, Burn Spellbooks, Renounce Religion


You were in the Dungeon.
You worshipped Trog.
Trog was greatly pleased with you.
You were not hungry.

You visited 1 branch

Inventory:

Hand Weapons
 a - a +0 hand axe
 j - the +∞ Axe of Woe (weapon)
   (You found it in the Dungeon)
Armour
 b - a +0 animal skin (worn)
Scrolls
 i - a scroll of blinking
Potions
 d - a potion of curing
 e - a potion of heal wounds
 f - a potion of haste
 g - 2 potions of magic
 h - a potion of berserk rage
Comestibles
 c - a ration


   Skills:
 O Level 27 Fighting
 O Level 27 Axes
 + Level 20.9 Armour
 + Level 21.5 Dodging


You had 16 spell levels left.
You didn't know any spells.

Dungeon Overview and Level Annotations

Branches:
Dungeon (1/1)

Altars:
Makhleb


Innate Abilities, Weirdness & Mutations

You have a pair of large horns on your head.
You are partially covered in iridescent scales. (AC +2)
You are powered by pain.


Message History

Trog accepts your kill.
Your Armour skill gained 2 levels and is now at level 19!
Your Dodging skill gained 2 levels and is now at level 20!
You slash the bag of meat!
You cleave the bag of meat in twain.
You kill the bag of meat!
Trog accepts your kill.
You can now call in reinforcements.
Your Armour skill increases to level 20!
Your Dodging skill increases to level 21!
You have reached level 17!
Your demonic ancestry asserts itself...
The horns on your head grow some more.
The meat berserker rages.
You hear a shout! x6
The bag of meat hits you with a +9 war axe!!!
* * * LOW HITPOINT WARNING * * *
You hear a shout!
A destroyer comes into view.
It is wielding a +9 great sword of slicing.
You hear a shout! x2
The meat berserker hits you with a +9 battleaxe!!!!
You die...

.. .... ... ...
#... ..# . #...
..# . ..###...
..###..
......###.......
......._))......
#..))o# #_)<@_#
#..O..#
#.....).._......
........###......
...###... ..###..
.. #... ..# .
#.... ..# .....
V.. .....O


You could see a destroyer, a meat berserker (berserk) and a bag of meat.

Vanquished Creatures
  3 ogres (D)
  6 orcs (D)
9 creatures vanquished.

Notes
Turn   | Place    | Note
-------+----------+-------------------------------------------
     0 | D        | Found the +∞ Axe of Woe
     0 | D        | Glory the Demonspawn Berserker began the quest for the Orb.
     0 | D        | Reached XP level 1. HP: 18/18 MP: 1/1
     3 | D        | Noticed a bag of meat
     3 | D        | Noticed a bag of meat
     3 | D        | Noticed a meat berserker
     4 | D        | Killed a bag of meat
     4 | D        | Gained mutation: You sometimes gain a little power by taking damage. [demonic ancestry]
     4 | D        | Reached XP level 2. HP: 48/48 MP: 2/2
     4 | D        | Reached XP level 3. HP: 54/54 MP: 3/3
     4 | D        | Reached XP level 4. HP: 62/62 MP: 4/4
     4 | D        | Reached XP level 5. HP: 68/68 MP: 5/5
     4 | D        | Gained mutation: You are partially covered in iridescent scales. (AC +2) [demonic ancestry]
     4 | D        | Reached XP level 6. HP: 75/75 MP: 6/6
     4 | D        | Reached XP level 7. HP: 81/81 MP: 7/7
     4 | D        | Gained mutation: You have a pair of small horns on your head. [demonic ancestry]
     4 | D        | Reached XP level 8. HP: 89/89 MP: 8/8
     4 | D        | Gained mutation: You have a pair of horns on your head. [demonic ancestry]
     4 | D        | Reached XP level 9. HP: 95/95 MP: 9/9
     4 | D        | Gained mutation: You sometimes gain power by taking damage. [demonic ancestry]
     4 | D        | Reached XP level 10. HP: 102/102 MP: 10/10
     4 | D        | Reached XP level 11. HP: 108/108 MP: 11/11
     5 | D        | Noticed a bag of meat
     5 | D        | Noticed a bag of meat
     5 | D        | Noticed a bag of meat
     6 | D        | Noticed a meat berserker
     6 | D        | Killed a meat berserker
     6 | D        | Reached ** piety under Trog
     6 | D        | Reached XP level 12. HP: 125/125 MP: 12/12
     6 | D        | Reached XP level 13. HP: 132/132 MP: 13/13
     8 | D        | Noticed a meat berserker
     8 | D        | Killed a bag of meat
     8 | D        | Reached XP level 14. HP: 143/143 MP: 14/14
     9 | D        | Noticed a bag of meat
     9 | D        | Killed a bag of meat
    12 | D        | Killed a bag of meat
    12 | D        | Reached XP level 15. HP: 155/155 MP: 15/15
    13 | D        | Noticed a meat berserker
    14 | D        | Killed a meat berserker
    14 | D        | Reached *** piety under Trog
    14 | D        | Reached skill level 27 in Fighting
    14 | D        | Reached skill level 15 in Dodging
    16 | D        | Killed a meat berserker
    16 | D        | Reached skill level 27 in Axes
    16 | D        | Gained mutation: You are powered by pain. [demonic ancestry]
    16 | D        | Reached XP level 16. HP: 138/167 MP: 16/16
    19 | D        | Reached **** piety under Trog
    19 | D        | Gained mutation: You have a pair of large horns on your head. [demonic ancestry]
    19 | D        | Reached XP level 17. HP: 86/174 MP: 17/17
    20 | D        | Noticed a destroyer
    20 | D        | Annihilated by a meat berserker

Skill      XL: |  1  2  3  4  5  6  7  8  9 10 11 12 13 14 15 16 |
---------------+-------------------------------------------------+-----
Fighting       | 17 21 23 25 27 | 27.0
Axes           | 16 20 21 23 27 | 27.0
Armour         | 9 11 12 13 17 20 | 20.9
Dodging        | 9 11 12 13 18 21 | 21.5

Action                   |  1- 3 |  4- 6 |  7- 9 | 10-12 | 13-15 | 16-18 || total
-------------------------+-------+-------+-------+-------+-------+-------++-------
Melee: Executioner's axe |     1 |       |       |     1 |     5 |     1 ||     8
Invok: Berserk           |       |       |       |     1 |       |       ||     1
Dodge: Dodged            |       |       |       |       |       |     1 ||     1
